 Dungeon Crawl Stone Soup version 0.32-a0-913-g739538afd8 (webtiles) character file.

Game seed: 2346992302195247354

61 Ruich the Trooper (level 4, -1/49 HPs)
             Began as an Oni Chaos Knight on Apr 10, 2024.
             Was a Plaything of Xom.
             Slain by an orc
             ... wielding a +0 flail
              (5 damage)
             ... on level 2 of the Dungeon.
             The game lasted 00:02:15 (1617 turns).

Ruich the Trooper (Oni Chaos Knight)                Turns: 1617, Time: 00:02:16

Health: -1/49      AC:  5    Str: 18    XL:     4   Next: 7%
Magic:  4/4        EV:  8    Int: 13    God:    Xom [.*....]
Gold:   96         SH:  0    Dex:  8    Spells: 1/3 levels left

rFire   . . .        a - +0 mace (chaos)
rCold   . . .        (no shield)
rNeg    . . .        b - +2 robe
rPois   .            (helmet restricted)
rElec   .            (no cloak)
rCorr   .            (gloves unavailable)
SInv    .            (boots unavailable)
Will    .....        (no amulet)
Stlth   +            (no ring)
HPRegen 0.28/turn    (no ring)
MPRegen 0.09/turn

%: no passive effects
@: no status effects
A: large, unfitting armour, horns 1, tough skin 1, double potion healing,
drunken brawling
a: Renounce Religion


You were on level 2 of the Dungeon.
You worshipped Xom.
You were a plaything of Xom.
You visited 1 branch of the dungeon, and saw 3 of its levels.

You collected 96 gold pieces.


Innate Abilities, Weirdness & Mutations

You are too large for most types of armour.
You have a pair of small horns on your head.
You have tough skin. (AC +1)
You gain doubled healing and magic from potions.
Whenever you drink a healing potion, you attack all around you.


   Skills:
 + Level 4.9 Fighting
 * Level 4.3 Maces & Flails
 - Level 2.1 Dodging


You had one spell level left.
You knew the following spells:

 Your Spells              Type           Power      Damage    Failure   Level
B - Blink                 Tloc           0%         N/A       43%         2

Your spell library contained the following spells:

 Spells                   Type           Power      Damage    Failure   Level
 Slow                     Hex            0%         N/A       30%         1
 Lesser Beckoning         Tloc           0%         N/A       43%         2
 Momentum Strike          Conj/Tloc      0%         3d8       43%         2
 Confusing Touch          Hex            0%         N/A       67%         3
 Vampiric Draining        Necr           0%         2d6       67%         3

Inventory:

Hand Weapons
 a - a +0 mace of chaos (weapon)
Armour
 b - a +2 robe (worn)
Jewellery
 i - a ring of magical power
Scrolls
 c - a scroll of butterflies
 e - a scroll of immolation
 j - a scroll of teleportation {@r2}
Potions
 d - 2 potions of enlightenment {unknown}
 f - a potion of might {unknown}
 l - a potion of berserk rage {unknown}

Dungeon Overview and Level Annotations

Branches:
Dungeon (3/15) Zot: 16366

Altars:

###.#...............##
.#.............##.###
...#...........##.#
...............##.#####
#.###..>.......##.....#
#.# ####.......######.#
#.### ######### #.#
....# ######### #.#
#.#.# #......@# #.#
#.#.######..###o$# #.#
..............#..####.#
##..######..#...<..(..#
##..# #.#...#.######
....# #.#####.# ##.##
#.......# ##.#
######### ...#


You could see an orc.


Message History

The orc priest looks braver for a moment.
The goblin attacks as it pursues you!
The orc priest calls down the wrath of Beogh upon you.
Beogh smites you!
* * * LOW HITPOINT WARNING * * *
The goblin attacks as it pursues you! The orc attacks as it pursues you!
* * * LOW HITPOINT WARNING * * *
The goblin attacks as it pursues you! The orc attacks as it pursues you!
There is a stone staircase leading up here.
Unknown command.
The orc priest calls down the wrath of Beogh upon you.
Beogh smites you!
* * * LOW HITPOINT WARNING * * *
You climb upwards.
Reactivating autopickup.
There is a stone staircase leading down here.
Unknown command.
You barely miss the goblin. You headbutt the goblin.
You kill the goblin!
* * * LOW HITPOINT WARNING * * *
Unknown command.
You hit the orc but do no damage.
The orc is moderately wounded.
The orc closely misses you.
Unknown command.
You barely miss the orc.
The orc is moderately wounded.
The orc misses you.
You die...
Xom yawns loudly!

Skill      XL: |  1  2  3 |
---------------+----------+-----
Maces & Flails | 4 |  4.3
Fighting       | |  4.9
Dodging        | |  2.1

Action                     |  1- 3 |  4- 6 || total
---------------------------+-------+-------++-------
  Melee: Mace              |    66 |     9 ||    75
         Headbutt          |     5 |     2 ||     7
    Use: Scroll            |       |     5 ||     5
   Stab: Confused          |     1 |       ||     1
 Armour: Robe              |    51 |    13 ||    64
  Dodge: Dodged            |    50 |     3 ||    53

Levels and vault maps discovered:
D:1:      lightli_arrival_maybe_door_vault, layout_basic, minmay_misc_feat_five,
          st_stairs_5, chequers_decorated_corner
D:2:      layout_loops_cross
D:3:      layout_basic, minmay_snake_closets

Notes
Turn   | Place    | Note
-------+----------+-------------------------------------------
     0 | D:1      | Ruich the Oni Chaos Knight began the quest for the Orb.
     0 | D:1      | Reached XP level 1. HP: 24/24 MP: 1/1
    26 | D:1      | XOM: silly message
   125 | D:1      | Reached XP level 2. HP: 32/32 MP: 2/2
   129 | D:1      | XOM: 1-stop teleportation journey
   315 | D:1      | Reached XP level 3. HP: 38/40 MP: 3/3
   435 | D:1      | Learned a level 2 spell: Blink
   445 | D:1      | XOM: noise
   519 | D:1      | XOM: divination: magic mapping
   590 | D:2      | Reached skill level 4 in Maces & Flails
   769 | D:2      | You fall into a shaft and drop 1 floor!
   924 | D:2      | Reached XP level 4. HP: 49/49 MP: 4/4
  1089 | D:2      | XOM: 9-stop teleportation journey
  1613 | D:3      | HP: 4/49 [orc priest/divine providence (17)]
  1617 | D:2      | Slain by an orc

Vanquished Creatures
  An adder (D:2)
  2 dart slugs (D:1)
  5 ball pythons
  2 bats (D:2)
  3 endoplasms
  2 giant cockroaches
  5 goblins
  7 hobgoblins
  2 kobolds (D:1)
  A quokka (D:1)
  A frilled lizard (D:1)
  A rat (D:1)
32 creatures vanquished.

Vanquished Creatures (collateral kills)
  An adder (D:2)
1 creature vanquished.

Vanquished Creatures (others)
  A bat zombie (D:2)
1 creature vanquished.

Grand Total: 34 creatures vanquished

Table legend: (Time is in decaauts)
 A = Elapsed time spent in this place.
 B = Non-inter-level travel time spent in this place.
 C = Inter-level travel time spent in this place.
 D = Time resting spent in this place.
 E = Time spent auto-exploring this place.
 F = Levels seen in this place.
 G = Mean time per level.
                   A        B        C        D        E       F      G
               +--------+--------+--------+--------+--------+-----+--------+
         Total |   1632 |   1592 |     40 |    312 |   1035 |   3 |  544.0 |
       Dungeon |   1632 |   1592 |     40 |    312 |   1035 |   3 |  544.0 |
               +--------+--------+--------+--------+--------+-----+--------+

Top non-repeatable levels by time:
     D:2: 931 daAuts
     D:1: 566 daAuts
     D:3: 135 daAuts

Table legend:
 A = Non-vault XP
 B = Vault XP
 C = Vault XP percentage of total XP
 D = Non-vault monster count
 E = Vault monster count
 F = Vault count percentage of total count
                 A         B        C        D         E       F
            +---------+---------+-------+---------+---------+-------
      Total |      81 |       7 |   8.0 |      30 |       3 |   9.1
            +---------+---------+-------+---------+---------+-------
        D:1 |      36 |       7 |  16.3 |      18 |       3 |  14.3
        D:2 |      45 |       0 |   0.0 |      12 |       0 |   0.0
            +---------+---------+-------+---------+---------+-------
